 Dungeon Crawl Stone Soup version 0.28.0-1-gb440e238dd (webtiles) character file.

Game seed: 2324877730446260641

1221 Kaptain the Firebug (level 8, 0/52 HPs)
             Began as an Octopode Fire Elementalist on Feb 20, 2022.
             Slain by an orc wizard (1 damage)
             ... on level 5 of the Dungeon.
             The game lasted 00:18:43 (8238 turns).

Kaptain the Firebug (Octopode Fire Elementalist)    Turns: 8238, Time: 00:18:43

Health: 0/52       AC:  1    Str: 14    XL:     8   Next: 47%
Magic:  2/14       EV: 14    Int: 31    God:
Gold:   320        SH:  0    Dex: 12    Spells: 6/16 levels left

rFire   . . .      SeeInvis .   m - +2 mace (protect)
rCold   . . .      Faith    .   (no shield)
rNeg    . . .      Spirit   .   (helmet restricted)
rPois   .          Reflect  .   (no amulet)
rElec   .          Harm     .   h - +6 ring of intelligence
rCorr   .          Rampage  .   j - +6 ring of intelligence
Will    .....                   k - +6 ring of strength
Stlth   ++++......              (no ring)
HPRegen 0.17/turn               (no ring)
MPRegen 0.14/turn               (no ring)
                                (no ring)
                                (no ring)

@: flying, hasted, very quick
A: almost no armour, amphibious, 8 rings, camouflage 1, gelatinous body 1,
(nimble swimmer 1), tentacles
a: no special abilities


You were on level 5 of the Dungeon.
You visited 1 branch of the dungeon, and saw 5 of its levels.
You also visited: Sewer.

You collected 320 gold pieces.

Inventory:

Hand Weapons
 d - a +0 hunting sling
 f - a +0 trident
 m - a +2 mace of protection (weapon)
 r - a +2 short sword of speed
 w - a +3 vampiric whip
Missiles
 g - 8 sling bullets
 i - 227 stones
 n - a curare-tipped dart
 s - 16 poisoned darts
Armour
 y - a +0 kite shield
Jewellery
 h - a +6 ring of intelligence (left tentacle)
 j - a +6 ring of intelligence (right tentacle)
 k - a +6 ring of strength (on tentacle)
Wands
 x - a wand of iceblast (12)
Scrolls
 a - a scroll of silence
 c - a scroll of identify
 l - a scroll of magic mapping {unknown}
 u - 2 scrolls of amnesia {unknown}
 A - a scroll of fog {unknown}
Potions
 e - 2 potions of might
 q - 2 potions of magic
 t - 2 potions of mutation
 v - 2 potions of cancellation
 z - a potion of lignification {unknown}


   Skills:
 + Level 3.0 Fighting
 - Level 3.6 Dodging
 + Level 5.3 Stealth
 + Level 0.6 Shields
 * Level 4.5 Spellcasting
 * Level 4.6 Conjurations
 * Level 5.6 Fire Magic


You had 6 spell levels left.
You knew the following spells:

 Your Spells              Type           Power      Damage    Failure   Level
a - Foxfire               Conj/Fire      100%       2x1d9     1%          1
b - Scorch                Fire           84%        2d9       1%          2
c - Conjure Flame         Conj/Fire      38%        6-21      1%          3
d - Flame Wave            Conj/Fire      38%        2d9       7%          4

Your spell library contained the following spells:

 Spells                   Type           Power      Damage    Failure   Level
 Inner Flame              Hex/Fire       24%        N/A       5%          3


Dungeon Overview and Level Annotations

Branches:
Dungeon (5/15)              Sewer (visited)
 Temple: D:4-7

Altars:
Kikubaaqudgha
Makhleb
Sif Muna
Wu Jian
Xom

Shops:
D:1 ?   D:2 [

Annotations:
D:4 2 transporters, Ablot's ghost, amateur GnWr


Innate Abilities, Weirdness & Mutations

You cannot wear most types of armour.
You are amphibious.
You can wear up to eight rings at the same time.
Your skin changes colour to match your surroundings (Stealth+).
Your rubbery body absorbs attacks. (AC +1, EV +1)
((You are camouflaged when in or above water. (Stealth+)))
You have tentacles for arms and can constrict up to eight enemies at once.


Message History

The orc is moderately wounded.
The foxfire hits something.
Something barely misses you. The orc hits you with a +0 whip.
Unknown command.
Casting: Foxfire (safe; 1% risk of failure)
Confirm with . or Enter, or press ? or * to list all spells.
You conjure some foxfire!
You hear some strange, mumbled words.
A magic dart appears from out of thin air!
The magic dart hits you! The orc hits you with a +0 whip.
You hear some strange, mumbled words.
A puff of flame appears from out of thin air!
The puff of flame hits you!
* * * LOW HITPOINT WARNING * * *
Unknown command.
You feel much better.
The foxfire hits something.
The foxfire hits the orc but does no damage.
The orc is moderately wounded.
Something hits you. The orc closely misses you.
The orc hits you with a +0 whip. Something hits you.
Okay, then.
Casting: Foxfire (safe; 1% risk of failure)
Confirm with . or Enter, or press ? or * to list all spells.
Okay, then.
Okay, then.
You hear some strange, mumbled words.
A magic dart appears from out of thin air!
The magic dart hits you!
* * * LOW HITPOINT WARNING * * *
It was a potion of flight.
You feel very buoyant.
You fly up into the air.
You hear some strange, mumbled words.
A magic dart appears from out of thin air!
The magic dart hits you!
* * * LOW HITPOINT WARNING * * *
It was a potion of haste.
You feel yourself speed up. Something hits you.
* * * LOW HITPOINT WARNING * * *
Something hits you.
You die...

#.# #...# ###.#
#.#########.#.# ....#
#...........#.# #####
###............
#.#########.# #.# #.#
##.#### #.#
########.....######.#######
.........>......@{o.)...)..
########.....######.#)...##
#.....# #.# ...# #.....#
#.# ).# #####.....######.#
.# #.............##.# ..
#.##........".##.# .
##...#.........##.#
###..#...#.......##.#...#


You could see an orc.

Vanquished Creatures
  Sigmund (D:2)
  2 black bears (D:4)
  An ogre (D:4)
  2 kobold brigands (Sewer)
  A scorpion (D:4)
  A water moccasin skeleton (D:4)
  A crimson imp (D:3)
  2 hounds (D:5)
  Crazy Yiuf (D:2)
  2 orc priests (D:5)
  Natasha (thrice) (D:2)
  An orc wizard (D:5)
  A hound zombie (D:5)
  Robin (D:2)
  4 adders
  7 gnolls
  A river rat (D:3)
  2 worms (D:4)
  2 dart slugs
  6 orcs
  7 endoplasms
  8 giant cockroaches
  16 goblins
  12 hobgoblins
  5 quokkas
  7 ball pythons
  6 bats
  5 frilled lizards
  13 kobolds
  5 rats
126 creatures vanquished.

Vanquished Creatures (collateral kills)
  9 foxfires (Sewer)
9 creatures vanquished.

Vanquished Creatures (others)
  611 foxfires
  4 plants (Sewer)
615 creatures vanquished.

Grand Total: 750 creatures vanquished

Notes
Turn   | Place    | Note
-------+----------+-------------------------------------------
     0 | D:1      | Kaptain the Octopode Fire Elementalist began the quest for
                  | the Orb.
     0 | D:1      | Reached XP level 1. HP: 11/11 MP: 3/3
   167 | D:1      | Reached XP level 2. HP: 10/17 MP: 0/5
   318 | D:1      | Found a faded altar of an unknown god.
   410 | D:1      | Found Misu Ihu's Magic Scroll Shoppe.
  1677 | D:2      | Reached XP level 3. HP: 22/22 MP: 2/6
  1721 | D:2      | Learned a level 2 spell: Scorch
  1737 | D:2      | Found Yzyrr's Armour Boutique.
  2162 | D:2      | Reached skill level 1 in Fighting
  2162 | D:2      | Reached XP level 4. HP: 28/28 MP: 2/7
  2197 | D:2      | Noticed Sigmund
  2226 | D:2      | Killed Sigmund
  2227 | D:2      | Reached XP level 5. HP: 30/33 MP: 1/9
  2227 | D:2      | Reached XP level 6. HP: 35/38 MP: 1/10
  2327 | D:2      | Identified the +3 robe "Cagum" {Int+3}
  2332 | D:2      | Noticed Robin
  2354 | D:2      | Noticed Natasha
  2357 | D:2      | Killed Natasha
  2500 | D:2      | Noticed Natasha
  2506 | D:2      | Killed Natasha
  2622 | D:2      | Killed Robin
  2683 | D:2      | Noticed Natasha
  2686 | D:2      | Killed Natasha
  3272 | D:2      | Found a runed translucent door.
  3273 | D:2      | Noticed Crazy Yiuf
  3312 | D:2      | Killed Crazy Yiuf
  4332 | D:3      | Found a glowing drain.
  4351 | Sewer    | Entered a sewer
  4541 | Sewer    | Reached XP level 7. HP: 45/45 MP: 4/12
  5550 | D:3      | Learned a level 3 spell: Conjure Flame
  5555 | D:3      | Learned a level 4 spell: Flame Wave
  5708 | D:3      | Found an ornate altar of the Wu Jian Council.
  5708 | D:3      | Found a shimmering blue altar of Sif Muna.
  5708 | D:3      | Found an ancient bone altar of Kikubaaqudgha.
  5961 | D:3      | Found a shimmering altar of Xom.
  5961 | D:3      | Found a burning altar of Makhleb.
  6446 | D:4      | Reached skill level 5 in Fire Magic
  6695 | D:4      | Reached XP level 8. HP: 50/51 MP: 0/14
  6953 | D:4      | Reached skill level 5 in Stealth
  7397 | D:4      | Found a transporter.
  7401 | D:4      | Found a transporter.
  7402 | D:4      | Noticed Ablot's ghost (amateur GnWr)
  7406 | D:4      | Identified the +3 giant spiked club "Octopus's Foe" {flame,
                  | rPois Will+}
  7795 | D:5      | Entered Level 5 of the Dungeon
  8237 | D:5      | HP: 2/52 [something/magic dart (8)]
  8238 | D:5      | Slain by an orc wizard

Illustrated notes

Levels and vault maps discovered:
D:1:      ncdulo_smallfort, layout_rooms, dreamdust_ecumenical_altar_statues,
          serial_shops, nicolae_shop_statue_plus, chequers_serial_rivers_large_a
D:2:      layout_loops_ring, serial_shops, shop_coins, uniq_sigmund,
          uniq_natasha, uniq_crazy_yiuf_cottage, uniq_robin
D:3:      layout_loops_corners, grunt_temple_overflow_champion_of_chaos,
          gammafunk_temple_overflow_claw, portal_sewer_entry_b
D:4:      layout_basic, gammafunk_ghost_smash
D:5:      layout_basic, grunt_ministairs_4, hex_medium

Skill      XL: |  1  2  3  4  5  6  7  8 |
---------------+-------------------------+-----
Stealth        | 3 4 5 |  5.3
Fighting       | 1 2 3 |  3.0
Spellcasting   | 3 4 |  4.5
Conjurations   | 2 3 4 |  4.6
Fire Magic     | 4 5 |  5.6
Dodging        | 3 |  3.6
Shields        | |  0.6

Action                   |  1- 3 |  4- 6 |  7- 9 || total
-------------------------+-------+-------+-------++-------
Melee: Unarmed           |     8 |       |       ||     8
       Constrict         |     2 |     1 |     7 ||    10
       Tentacles         |     2 |       |     5 ||     7
       Dagger            |     1 |       |       ||     1
       Mace              |       |     3 |    16 ||    19
 Fire: Hunting sling     |    28 |     9 |       ||    37
 Cast: Foxfire           |    43 |   139 |   185 ||   367
       Scorch            |       |     2 |    13 ||    15
  Use: Potion            |       |     2 |     5 ||     7
       Scroll            |       |     2 |     2 ||     4
 Stab: Sleeping          |     1 |       |     2 ||     3
Armor: Skin              |     1 |     1 |     7 ||     9
Dodge: Dodged            |     9 |    22 |    25 ||    56
